 Dungeon Crawl Stone Soup version 0.27-a0-1565-gad902ab807 (webtiles) character file.

Game seed: 7828508507448414444

14 gimp the Stinger (level 2, 0/21 HPs)
             Began as a Formicid Wanderer on July 16, 2021.
             Slain by a kobold (1 damage)
             ... on level 1 of the Dungeon.
             The game lasted 00:01:19 (1269 turns).

gimp the Stinger (Formicid Wanderer)                Turns: 1269, Time: 00:01:20

Health: 0/21       AC:  2    Str: 16    XL:     2   Next: 55%
Magic:  2/2        EV: 11    Int: 12    God:
Gold:   22         SH:  0    Dex:  9    Spells: 1/1 levels left

rFire    . . .     SeeInvis +   c - +0 dagger
rCold    . . .     Faith    .   (no shield)
rNeg     . . .     Spirit   .   b - +0 robe
rPois    .         Reflect  .   (helmet unavailable)
rElec    .         Harm     .   (no cloak)
rCorr    .         Rampage  .   (no gloves)
Will     .....                  (no boots)
Stlth    ++........             (no amulet)
HPRegen  0.07/turn              (no ring)
MPRegen  0.08/turn              (no ring)

@: no status effects
A: permanent stasis, dig shafts and tunnels, antennae 3, four strong arms
a: Dig, Shaft Self


You were on level 1 of the Dungeon.
You visited 1 branch of the dungeon, and saw 1 of its levels.

You collected 22 gold pieces.

Inventory:

Hand Weapons
 c - a +0 dagger (weapon)
Armour
 b - a +0 robe (worn)
Scrolls
 e - a scroll of enchant weapon {unknown}


   Skills:
 + Level 1.5 Fighting
 * Level 1.3(2.3) Axes
 - Level 3.0(3.1) Maces & Flails
 + Level 1.5 Armour
 - Level 2.4 Stealth
 - Level 4.0 Poison Magic


You had one spell level left.
You didn't know any spells.
Your spell library contained the following spells:

 Spells                   Type           Power      Damage    Failure   Level
 Sting                    Tmut/Pois      16%        1d3       14%         1
 Freeze                   Ice            0%         1d3       32%         1
 Poisonous Vapours        Pois/Air       8%         N/A       22%         2
 Ignite Poison            Fire/Tmut/Pois 3%         N/A       50%         3
 Mephitic Cloud           Conj/Pois/Air  3%         N/A       50%         3
 Olgreb's Toxic Radiance  Pois           9%         N/A       54%         4
 Frozen Ramparts          Ice            0%         1d2       69%         3


Dungeon Overview and Level Annotations

Branches:
Dungeon (1/15)

Altars:


Innate Abilities, Weirdness & Mutations

You cannot be hasted, slowed, berserked, paralysed or teleported.
You can dig through walls and to a lower floor.
You have a pair of large antennae on your head. (SInv)
Your four strong arms can wield two-handed weapons with a shield.


Message History

The kobold hits you with a +0 dagger of speed.
You take 3 damage, and have 14/21 hp.
You closely miss the kobold. The kobold barely misses you.
The kobold hits you with a +0 dagger of speed.
You take 2 damage, and have 12/21 hp.
You hit the kobold but do no damage. The kobold closely misses you.
You closely miss the kobold. The kobold misses you.
You hit the kobold but do no damage. The kobold closely misses you.
The kobold hits you with a +0 dagger of speed.
You take 3 damage, and have 10/21 hp.
You hit the kobold but do no damage. The kobold hits you but does no damage.
The kobold hits you with a +0 dagger of speed.
You take 3 damage, and have 7/21 hp.
You miss the kobold. The kobold hits you but does no damage.
You aren't carrying any potions.
Okay, then.
You aren't carrying any items that you can evoke.
Unknown command.
You miss the kobold. The kobold barely misses you.
The kobold closely misses you.
You closely miss the kobold. The kobold hits you but does no damage.
The kobold barely misses you.
You hit the kobold but do no damage.
The kobold hits you with a +0 dagger of speed.
* * * LOW HITPOINT WARNING * * *
You take 2 damage, and have 5/21 hp.
You barely miss the kobold.
The kobold hits you with a +0 dagger of speed.
* * * LOW HITPOINT WARNING * * *
The kobold hits you with a +0 dagger of speed.
* * * LOW HITPOINT WARNING * * *
You take 4 damage, and have 1/21 hp.
There is an open door here.
Are you sure you want to shaft yourself?
The kobold hits you but does no damage.
You begin to dig a shaft.
You continue digging a shaft.
The kobold hits you with a +0 dagger of speed.
* * * LOW HITPOINT WARNING * * *
The kobold hits you with a +0 dagger of speed.
You die...

.......'...#♣.P.......♣###
#...
.......##K##≈PPP......≈#
#...
#########.##≈.P.......≈#
#..> #.##≈≈≈≈♣≈♣≈≈≈≈# #...
#.#######.###### #...
#K#### #.### #... #.K..#
#...######## #...
####K####........... #...
#...KBK@........... #...
#.#.####........... #...
#.#...#####........
#.###.# #........ #.....#
#........ #######
#........ #........
.......


You could see a giant cockroach and 3 kobolds.

Vanquished Creatures
  4 endoplasms (D:1)
  A goblin (D:1)
  2 quokkas (D:1)
  3 ball pythons (D:1)
  A frilled lizard (D:1)
  A rat (D:1)
12 creatures vanquished.

Vanquished Creatures (others)
  5 toadstools (D:1)
5 creatures vanquished.

Grand Total: 17 creatures vanquished

Notes
Turn   | Place    | Note
-------+----------+-------------------------------------------
     0 | D:1      | gimp the Formicid Wanderer began the quest for the Orb.
     0 | D:1      | gimp set off with the following items: a +0 club, a +0
                  | robe, a +0 dagger; and the following spells available to
                  | memorise: Sting, Poisonous Vapours, Freeze, Ignite Poison,
                  | Mephitic Cloud, Olgreb's Toxic Radiance, Frozen Ramparts
     0 | D:1      | Reached XP level 1. HP: 15/15 MP: 1/1
   537 | D:1      | Reached XP level 2. HP: 16/21 MP: 2/2
   617 | D:1      | Reached skill level 1 in Axes
  1227 | D:1      | Found a faded altar of an unknown god.
  1259 | D:1      | HP: 1/21 [kobold (1)]
  1269 | D:1      | HP: 1/21 [kobold (1)]
  1269 | D:1      | Slain by a kobold

Illustrated notes

Levels and vault maps discovered:
D:1:      ldierk_walled_garden, layout_basic, basic_ecumenical_altar

Skill      XL: |  1  2 |
---------------+-------+-----
Axes           | 1 |  1.3
Fighting       | |  1.5
Maces & Flails | |  3.0
Armour         | |  1.5
Stealth        | |  2.4
Poison Magic   | |  4.0

Action                   || total
-------------------------++-------
Melee: Club              ||    43
       Dagger            ||    25
 Abil: Dig               ||     2
       Shaft Self        ||     1
  Use: Potion            ||     2
Armor: Robe              ||    12
Dodge: Dodged            ||    44

Table legend: (Time is in decaauts)
 A = Elapsed time spent in this place.
 B = Non-inter-level travel time spent in this place.
 C = Inter-level travel time spent in this place.
 D = Time resting spent in this place.
 E = Time spent auto-exploring this place.
 F = Levels seen in this place.
 G = Mean time per level.
                   A        B        C        D        E       F      G
               +--------+--------+--------+--------+--------+-----+--------+
         Total |   1277 |   1277 |      0 |     36 |   1074 |   1 | 1277.0 |
       Dungeon |   1277 |   1277 |      0 |     36 |   1074 |   1 | 1277.0 |
               +--------+--------+--------+--------+--------+-----+--------+

Top non-repeatable levels by time:
     D:1: 1277 daAuts
